 Dungeon Crawl Stone Soup version 0.31-a0-234-gad7ace16ef (webtiles) character file.

Game seed: 9406424248062430263

739 qw the Skirmisher (level 7, -6/60 HPs)
             Began as a Minotaur Hexslinger on July 9, 2023.
             Was a Follower of Okawaru.
             Mangled by a gnoll
             ... wielding a +4 flail
             ... led by a gnoll bouda
              (13 damage)
             ... on level 5 of the Dungeon.
             The game lasted 00:01:42 (3343 turns).

qw the Skirmisher (Minotaur Hexslinger)             Turns: 3343, Time: 00:01:42

Health: -6/60      AC:  5    Str: 12    XL:     7   Next: 46%
Magic:  6/7        EV: 11    Int: 10    God:    Okawaru [*.....]
Gold:   109        SH:  0    Dex: 15    Spells: 7/8 levels left

rFire   . . .        Y - +1 sling (chaos)
rCold   . . .        (no shield)
rNeg    . . .        f - +0 ring mail
rPois   .            (helmet restricted)
rElec   .            (no cloak)
rCorr   .            (no gloves)
SInv    .            (no boots)
Will    .....        (no amulet)
Stlth   +            (no ring)
HPRegen 0.30/turn    (no ring)
MPRegen 0.10/turn

%: no passive effects
@: about to teleport
A: horns 2, retaliatory headbutt
a: Renounce Religion, Heroism


You were on level 5 of the Dungeon.
You worshipped Okawaru.
Okawaru was aware of your devotion.
You visited 2 branches of the dungeon, and saw 6 of its levels.

You collected 185 gold pieces.
You spent 76 gold pieces at shops.


Innate Abilities, Weirdness & Mutations

You have a pair of horns on your head.
You reflexively headbutt those who attack you in melee.


   Skills:
 + Level 4.4 Fighting
 - Level 8.0 Ranged Weapons
 - Level 2.0 Armour
 - Level 2.1 Dodging
 - Level 1.0 Spellcasting
 - Level 2.0 Hexes
 + Level 1.1 Invocations


You had 7 spell levels left.
You knew the following spells:

 Your Spells              Type           Power      Damage    Failure   Level
a - Slow                  Hex            16%        N/A       32%         1

Your spell library contained the following spells:

 Spells                   Type           Power      Damage    Failure   Level
 Inner Flame              Hex/Fire       2%         N/A       83%         3
 Portal Projectile        Hex/Tloc       4%         N/A       83%         3
 Cause Fear               Hex            2%         N/A       97%         4

Inventory:

Hand Weapons
 Y - a +1 sling of chaos (weapon)
Armour
 f - a +0 ring mail (worn)
Jewellery
 a - an amulet of guardian spirit
Scrolls
 b - a scroll of identify
 e - a scroll of teleportation
Potions
 d - a potion of attraction {unknown}
 g - a potion of ambrosia {unknown}
 h - a potion of enlightenment {unknown}

Dungeon Overview and Level Annotations

Branches:
Dungeon (5/15)             Temple (1/1) D:4

Altars:
Ashenzari
Cheibriados
Dithmenos
Fedhas
Gozag
Hepliaklqana
Kikubaaqudgha
Makhleb
Nemelex Xobeh
Okawaru
Qazlal
Ru
Sif Muna
Trog
Uskayaw
Xom
Yredelemnul
Zin
The Shining One

Shops:
D:3 *


Message History

You shoot a sling bullet.
The sling bullet hits the gnoll bouda but does no damage.
The gnoll bouda appears confused.
The gnoll bouda is severely wounded.
The gnoll closely misses you. x2
The gnoll bouda barely misses the gnoll.
You shoot a sling bullet.
The sling bullet hits the gnoll bouda but does no damage.
The gnoll bouda is poisoned.
The gnoll bouda is severely wounded.
The gnoll hits you with a +4 flail!
The gnoll hits you from afar with a +0 spear.
The gnoll hits you with a +0 flail.
You shoot a sling bullet.
The sling bullet hits the gnoll bouda but does no damage.
The gnoll bouda looks as sick as possible!
The gnoll bouda is severely wounded.
The gnoll hits you with a +4 flail.
The gnoll hits you from afar with a +0 spear.
The gnoll hits you but does no damage.
You shoot a sling bullet.
The sling bullet barely misses the gnoll.
The gnoll barely misses you. The gnoll hits you but does no damage.
The gnoll hits you with a +0 flail.
You shoot a sling bullet.
The sling bullet barely misses the gnoll bouda.
The gnoll is no longer moving quickly.
You shoot a sling bullet.
The sling bullet barely misses the gnoll.
The gnoll is no longer moving quickly.
The gnoll hits you with a +4 flail!
The gnoll hits you from afar with a +0 spear.
The gnoll misses you.
3343 ||| READING 2 scrolls of teleportation.
As you read the scroll of teleportation, it crumbles to dust.
You feel strangely unstable.
You feel like a meek peon again.
You kill the gnoll bouda!
Okawaru accepts your kill. The gnoll hits you with a +4 flail!
You die...

.##..##.####
##...##.#
##....##..
##<....###.#
##.....)# ..
##.......# #.
##........#
##..).........
##@........####
##gg.#.....##
#.g)########
#...## #.....#
#.......
...##..g.g .^..
..###gg. ....#
### g..


You could see 3 gnolls.

Vanquished Creatures
  An ogre (D:5)
  5 scorpions
  A hound (D:4)
  A jelly (D:4)
  A gnoll bouda (D:5)
  An orc priest (D:3)
  An orc wizard (D:3)
  5 gnolls
  12 adders
  An ufetubus (D:5)
  A worm (D:2)
  A dart slug (D:1)
  8 orcs
  9 bats
  5 endoplasms
  A giant cockroach (D:2)
  14 goblins
  7 hobgoblins
  7 jackals
  3 kobolds
  3 quokkas
  9 ball pythons
  2 frilled lizards
  3 rats
102 creatures vanquished.

Vanquished Creatures (others)
  An orc zombie (D:3)
1 creature vanquished.

Grand Total: 103 creatures vanquished

Notes
Turn   | Place    | Note
-------+----------+-------------------------------------------
     0 | D:1      | qw the Minotaur Hexslinger began the quest for the Orb.
     0 | D:1      | Reached XP level 1. HP: 16/16 MP: 1/1
     0 | D:1      | 0 ||| qw: Version: 0.3-a-51-g015441d
     0 | D:1      | 0 ||| qw: Game counter: 4065
     0 | D:1      | 0 ||| qw: Melee chars always use a shield: true
     0 | D:1      | 0 ||| qw: God list: Okawaru
     0 | D:1      | 0 ||| qw: Allow faded altars: false
     0 | D:1      | 0 ||| qw: Do Orc after clearing Dungeon:15 true
     0 | D:1      | 0 ||| qw: Do second Lair branch before Depths: true
     0 | D:1      | 0 ||| qw: Lair rune preference: random
     0 | D:1      | 0 ||| qw: Goals: Normal
     0 | D:1      | 0 ||| PLANNING D:1-11
    54 | D:1      | Reached skill level 3 in Ranged Weapons
    54 | D:1      | 54 ||| FLEEEEING.
    57 | D:1      | 57 ||| FLEEEEING.
    59 | D:1      | 59 ||| FLEEEEING.
    61 | D:1      | Reached XP level 2. HP: 22/23 MP: 2/2
   442 | D:1      | 442 ||| READING scroll labelled FILLUO GACVOP.
   445 | D:1      | 445 ||| DROPPING scroll of poison.
   468 | D:2      | 468 ||| STAIRDANCE
   502 | D:2      | Reached XP level 3. HP: 29/29 MP: 3/3
   697 | D:2      | Reached skill level 4 in Ranged Weapons
   714 | D:2      | 714 ||| FLEEEEING.
   719 | D:2      | 719 ||| FLEEEEING.
   720 | D:2      | 720 ||| FLEEEEING.
   721 | D:2      | 721 ||| FLEEEEING.
   724 | D:2      | 724 ||| FLEEEEING.
   725 | D:2      | 725 ||| FLEEEEING.
   726 | D:2      | 726 ||| FLEEEEING.
   727 | D:2      | 727 ||| FLEEEEING.
   728 | D:2      | 728 ||| FLEEEEING.
   730 | D:2      | 730 ||| FLEEEEING.
   731 | D:2      | 731 ||| FLEEEEING.
   732 | D:2      | 732 ||| FLEEEEING.
   733 | D:2      | 733 ||| FLEEEEING.
   734 | D:2      | 734 ||| FLEEEEING.
   735 | D:2      | 735 ||| FLEEEEING.
   739 | D:2      | 739 ||| FLEEEEING.
   740 | D:2      | 740 ||| FLEEEEING.
   838 | D:2      | Found a faded altar of an unknown god.
   969 | D:2      | 969 ||| READING 2 scrolls labelled QIRUET FIONAUBLO.
   970 | D:2      | 970 ||| READING 2 scrolls labelled FYDDOTT IR URIS.
   971 | D:2      | 971 ||| READING scroll labelled HESEQO ATHRUHA.
   972 | D:2      | 972 ||| READING scroll labelled ZEFEZIOMPI.
   973 | D:2      | 973 ||| READING scroll labelled URASIKOEDU.
   974 | D:2      | 974 ||| DROPPING scroll of revelation.
  1010 | D:3      | Reached XP level 4. HP: 36/36 MP: 4/4
  1015 | D:3      | Reached skill level 5 in Ranged Weapons
  1047 | D:3      | Found Ileuw's Assorted Antiques.
  1054 | D:3      | 1054 ||| BUYING ring mail (76 gold).
  1054 | D:3      | Bought a ring mail for 76 gold pieces
  1054 | D:3      | 1054 ||| SHOPLISTING scroll of identify (38 gold, have 14).
  1087 | D:3      | Identified the +6 dagger of Destiny {venom, Fly rN+ Dex+3}
  1129 | D:3      | Reached skill level 3 in Fighting
  1134 | D:3      | 1134 ||| FLEEEEING.
  1135 | D:3      | 1135 ||| FLEEEEING.
  1147 | D:3      | 1147 ||| FLEEEEING.
  1148 | D:3      | 1148 ||| FLEEEEING.
  1149 | D:3      | 1149 ||| FLEEEEING.
  1233 | D:3      | Reached XP level 5. HP: 45/45 MP: 5/5
  1309 | D:3      | Found a shimmering blue altar of Sif Muna.
  1366 | D:3      | HP: 10/45 [poisoned by an adder]
  1367 | D:3      | 1367 ||| READING scroll of teleportation.
  1370 | D:3      | HP: 4/45 [poisoned by an adder]
  2002 | D:3      | 2002 ||| UPGRADING to +0 leather armour.
  2012 | D:3      | 2012 ||| DROPPING +0 robe.
  2013 | D:3      | 2013 ||| UPGRADING to +0 ring mail.
  2023 | D:3      | 2023 ||| DROPPING +0 leather armour.
  2024 | D:3      | 2024 ||| READING scroll labelled IKKADEPSE.
  2108 | D:4      | Found a staircase to the Ecumenical Temple.
  2109 | D:4      | 2109 ||| PLANNING TEMPLE
  2109 | D:4      | 2109 ||| READING scroll labelled KYUMPOALANN.
  2119 | Temple   | Entered the Ecumenical Temple
  2153 | Temple   | 2153 ||| PLANNING OKAWARU WORSHIP
  2288 | Temple   | Became a worshipper of Warmaster Okawaru
  2289 | Temple   | 2289 ||| PLANNING D:1-11
  2376 | D:4      | Reached skill level 6 in Ranged Weapons
  2376 | D:4      | Reached XP level 6. HP: 49/51 MP: 6/6
  2804 | D:4      | Reached * piety under Okawaru
  2805 | D:4      | Reached skill level 7 in Ranged Weapons
  2809 | D:4      | 2809 ||| INVOKING Heroism.
  2812 | D:4      | Reached XP level 7. HP: 47/59 MP: 4/7
  3047 | D:4      | 3047 ||| READING scroll labelled ORCHIE YMYTARUN.
  3144 | D:4      | 3144 ||| READING 2 scrolls of identify.
  3144 | D:4      | 3144 ||| IDENTIFYING yellow potion
  3145 | D:4      | 3145 ||| DROPPING potion of degeneration.
  3171 | D:5      | Entered Level 5 of the Dungeon
  3174 | D:5      | 3174 ||| STAIRDANCE
  3237 | D:5      | Identified the +4 war axe "Luleel" {antimagic, rPois rN+
                  | Str-4 SInv}
  3302 | D:5      | Reached skill level 8 in Ranged Weapons
  3305 | D:5      | Reached skill level 1 in Invocations
  3325 | D:5      | 3325 ||| Stepping ~*~*~tactically~*~*~ (outnumbered).
  3327 | D:5      | 3327 ||| Stepping ~*~*~tactically~*~*~ (outnumbered).
  3329 | D:5      | 3329 ||| INVOKING Heroism.
  3330 | D:5      | 3330 ||| Stepping ~*~*~tactically~*~*~ (outnumbered).
  3342 | D:5      | HP: 9/60 [gnoll/+4 flail[a gnoll bouda] (9)]
  3343 | D:5      | 3343 ||| READING 2 scrolls of teleportation.
  3343 | D:5      | Mangled by a gnoll

Levels and vault maps discovered:
D:1:      eino_arrival_tree_alley, layout_rooms
D:2:      layout_rooms, hellmonk_ecumenical_altar_pennies_from_heaven
D:3:      layout_basic, mainiacjoe_overflow_24_doors, serial_shops,
          nicolae_shop_getting_attention, minmay_door_square
D:4:      old_forge, layout_cave_pools, minmay_misc_feat_tiny
D:5:      minmay_inner_zag, layout_rooms
Temple:   regret_index_temple_chain_breaker

Skill      XL: |  1  2  3  4  5  6  7 |
---------------+----------------------+-----
Ranged Weapons | 3 4 5 6 7 8 |  8.0
Fighting       | 2 3 4 |  4.4
Armour         | 2 |  2.0
Invocations    | 1 |  1.1
Dodging        | |  2.1
Spellcasting   | |  1.0
Hexes          | |  2.0

Action                     |  1- 3 |  4- 6 |  7- 9 || total
---------------------------+-------+-------+-------++-------
   Fire: Sling             |   135 |   181 |    36 ||   352
 Invoke: Heroism           |       |     1 |     1 ||     2
    Use: Scroll            |     6 |     3 |     3 ||    12
 Armour: Robe              |     7 |     4 |       ||    11
         Ring mail         |       |    17 |     8 ||    25
  Dodge: Dodged            |    43 |    60 |    25 ||   128

Table legend:
 A = Non-vault XP
 B = Vault XP
 C = Vault XP percentage of total XP
 D = Non-vault monster count
 E = Vault monster count
 F = Vault count percentage of total count
                 A         B        C        D         E       F
            +---------+---------+-------+---------+---------+-------
      Total |     800 |     296 |  27.0 |      94 |       8 |   7.8
            +---------+---------+-------+---------+---------+-------
        D:1 |      36 |       0 |   0.0 |      19 |       0 |   0.0
        D:2 |      59 |       0 |   0.0 |      26 |       0 |   0.0
        D:3 |     140 |       0 |   0.0 |      23 |       0 |   0.0
        D:4 |     289 |     296 |  50.6 |      19 |       8 |  29.6
        D:5 |     276 |       0 |   0.0 |       7 |       0 |   0.0
            +---------+---------+-------+---------+---------+-------
